Map: King's Cove LE

Players

zulu - Winner!

  • Race: Protoss Protoss
  • Spawn Location: 5:00

DeNnon

  • Race: Zerg Zerg
  • League: Gold
  • Spawn Location: 11:00

VOD

Have the link to the VOD?

Description

Time

  • Played on: Feb. 13, 2025, 5:33 p.m.
  • Length: 18:00
Show
View Real Time Build Order
Export as new Build Order

zulu Protoss - Winner!

Build Orders: Carriers 

Get SALT Encoding   

  1  0:00  Probe  
  12  0:06  Probe  
  14  0:16  Probe  
  15  0:34  Pylon  
  15  0:52  Probe  
  16  1:02  Gateway  
  16  1:12  Gateway  
  16  1:20  Forge  
  15  1:26  Probe  
  16  1:52  Zealot  
  18  1:54  Nexus  
  18  2:00  Zealot  
  20  2:10  Assimilator, Probe  
  20  2:14  Pylon  
  21  2:32  Zealot  
  23  2:52  Cybernetics Core  
  23  2:56  Assimilator  
  23  2:58  Probe  
  24  3:08  Probe  
  24  3:11  Probe  
  26  3:16  Probe  
  26  3:26  Probe  
  27  3:32  Stalker  
  28  3:34  Probe  
  28  3:40  Probe  
  32  3:52  Probe  
  33  4:03  Stargate  
  33  4:10  Pylon  
  33  4:19  Assimilator  
  33  4:22  Assimilator  
  33  4:23  Probe  
  34  4:32  Zealot x2  
  38  4:43  Twilight Council  
  38  4:49  Stargate  
  38  4:59  Probe  
  39  5:04  Probe  
  43  5:10  Void Ray  
  43  5:11  Probe  
  43  5:12  Probe  
  45  5:19  Warp Gate, Photon Cannon  
  46  5:23  Probe, Shield Battery  
  46  5:27  Charge  
  47  5:30  Probe  
  47  5:35  Probe  
  49  5:38  Probe  
  50  5:47  Probe  
  51  5:52  Pylon  
  51  5:57  Oracle, Robotics Facility  
  54  6:08  Pylon  
  54  6:09  Probe  
  55  6:17  Probe  
  59  6:19  Void Ray  
  59  6:25  Probe  
  61  6:33  Probe  
  62  6:45  Probe  
  63  6:48  Observer  
  64  6:57  Phoenix  
  67  7:30  Fleet Beacon  
  67  7:31  Void Ray  
  67  7:33  Observer  
  68  7:41  Probe  
  69  7:51  Protoss Air Weapons Level 1, Observer  
  69  7:56  Nexus  
  69  7:58  Pylon  
  70  8:05  Probe  
  70  8:16  Pylon  
  70  8:17  Pylon  
  70  8:18  Probe  
  70  8:19  Pylon  
  75  8:21  Zealot  
  75  8:22  Void Ray  
  76  8:31  Photon Cannon  
  76  8:32  Photon Cannon  
  76  8:34  Photon Cannon  
  76  8:35  Shield Battery  
  76  8:37  Shield Battery  
  76  8:39  Pylon  
  76  8:43  Stalker x2  
  64  9:14  Pylon  
  64  9:25  Assimilator, Probe  
  64  9:26  Assimilator  
  64  9:28  Carrier x2  
  77  9:37  Probe  
  77  9:49  Probe  
  78  9:56  Gateway  
  78  9:58  Gateway  
  78  10:01  Probe, Observer  
  80  10:09  Probe  
  81  10:16  Dark Shrine  
  81  10:19  Probe, Observer  
  82  10:23  Probe  
  84  10:30  Protoss Air Weapons Level 2  
  84  10:32  Zealot  
  86  10:35  Probe  
  86  10:39  Shield Battery  
  87  10:44  Photon Cannon  
  87  11:00  Zealot x3  
  93  11:04  Tempest  
  93  11:05  Carrier  
  101  11:24  Protoss Shields Level 1  
  85  11:48  Carrier  
  88  12:08  Pylon  
  88  12:13  Pylon  
  88  12:17  Pylon  
  88  12:19  Carrier  
  88  12:21  Probe  
  94  12:29  Probe  
  96  12:39  Probe  
  97  12:49  Nexus  
  97  12:52  Tempest  
  97  12:54  Dark Templar x2  
  105  13:06  Protoss Air Armor Level 1  
  105  13:16  Pylon  
  105  13:22  Probe  
  106  13:29  Observer  
  106  13:34  Probe  
  108  13:40  Stargate  
  108  13:46  Probe  
  108  13:47  Observer  
  110  13:58  Probe, Photon Cannon x2  
  110  14:01  Photon Cannon  
  110  14:02  Shield Battery  
  111  14:04  Shield Battery  
  111  14:06  Shield Battery  
  111  14:08  Probe  
  111  14:09  Pylon  
  112  14:11  Assimilator  
  112  14:16  Assimilator, Dark Templar x2  
  116  14:17  Dark Templar  
  116  14:19  Protoss Ground Weapons Level 1  
  116  14:20  Probe  
  101  14:48  Probe  
  100  15:00  Probe  
  100  15:07  Pylon  
  97  15:08  Nexus  
  97  15:12  Probe, Zealot x2  
  97  15:13  Zealot  
  104  15:23  Carrier x2  
  104  15:24  Probe  
  117  15:30  Gateway  
  117  15:37  Probe  
  118  15:49  Probe  
  90  16:22  Dark Templar  
  90  16:23  Dark Templar  
  90  16:25  Zealot x2  
  95  16:56  Zealot x2  
  95  16:57  Zealot x2  
  99  17:19  Nexus  
  111  17:55  Dark Templar x2  
  111  17:57  Zealot x2  
Show
View Real Time Build Order
Export as new Build Order

DeNnon Zerg 

Build Orders: Hatch First, Swarm Host 

Get SALT Encoding   

  12  0:00  Drone  
  13  0:15  Drone  
  13  0:18  Overlord  
  14  0:44  Hatchery  
  14  0:49  Drone x2  
  15  1:06  Spawning Pool  
  15  1:09  Drone  
  15  1:15  Drone  
  16  1:34  Drone x2  
  16  1:38  Overlord  
  18  1:46  Drone  
  19  1:49  Extractor  
  18  1:55  Queen  
  18  1:59  Queen  
  22  2:02  Drone  
  22  2:04  Drone  
  24  2:11  Drone x2  
  26  2:20  Zergling x4  
  28  2:31  Drone x2  
  30  2:54  Queen  
  30  2:56  Queen  
  34  2:59  Drone x2  
  34  3:01  Overlord  
  34  3:03  Overlord  
  36  3:08  Metabolic Boost  
  36  3:21  Spore Crawler  
  36  3:23  Spore Crawler  
  34  3:28  Drone x4  
  34  3:29  Drone  
  39  3:35  Drone  
  39  3:36  Drone x2  
  42  3:45  Lair  
  42  3:48  Extractor  
  41  3:49  Drone  
  41  3:52  Drone x2  
  44  4:04  Drone x5  
  49  4:10  Drone x3  
  49  4:14  Overlord  
  52  4:27  Drone, Extractor  
  52  4:29  Overlord x2  
  52  4:30  Extractor  
  51  4:51  Hatchery  
  50  4:55  Drone x3  
  50  4:56  Drone x3  
  56  5:02  Roach Warren  
  55  5:09  Hydralisk Den  
  54  5:21  Zergling x6  
  54  5:22  Zergling x6  
  54  5:26  Baneling Nest  
  59  5:30  Spire  
  58  5:39  Drone  
  58  5:40  Drone x6  
  67  5:46  Drone  
  67  5:48  Drone  
  69  6:02  Evolution Chamber  
  69  6:04  Evolution Chamber  
  67  6:06  Spore Crawler x2  
  67  6:07  Grooved Spines  
  67  6:08  Drone x5  
  67  6:09  Drone  
  67  6:10  Overlord x2  
  71  6:11  Queen  
  71  6:15  Drone x2  
  73  6:27  Roach  
  73  6:30  Hydralisk x5  
  85  6:37  Centrifugal Hooks  
  85  6:40  Overseer  
  85  6:44  Overseer  
  85  7:01  Zergling x12  
  85  7:02  Zergling x10  
  92  7:23  Zergling x12  
  92  7:25  Baneling x8  
  92  7:26  Baneling x8  
  92  7:27  Overlord x3  
  98  7:31  Overlord  
  98  7:46  Baneling x3  
  98  7:47  Baneling x7  
  98  7:48  Baneling x6  
  98  7:50  Drone  
  98  7:51  Drone x7  
  102  7:52  Drone x3  
  102  7:53  Overlord x3  
  109  8:00  Zerg Missile Weapons Level 1  
  109  8:01  Zerg Ground Armor Level 1  
  109  8:07  Infestation Pit  
  109  8:09  Zerg Flyer Weapons Level 1  
  108  8:21  Baneling x8  
  108  8:29  Roach  
  108  8:30  Roach x4  
  108  8:33  Overlord x6  
  108  8:34  Overlord  
  97  8:53  Zergling x14  
  97  8:54  Zergling x4  
  92  9:09  Zergling x12  
  98  9:12  Glial Reconstitution  
  89  9:49  Swarm Host x9  
  116  9:53  Zergling x6  
  116  9:54  Zergling x6  
  116  9:55  Zerg Melee Weapons Level 1  
  122  10:07  Hatchery  
  122  10:12  Hatchery  
  120  10:17  Drone x4, Extractor x2  
  122  10:26  Hatchery  
  121  10:39  Burrow  
  121  10:44  Drone x4  
  121  10:45  Drone x4  
  129  10:51  Zergling x2  
  129  10:52  Zergling x16  
  138  11:09  Zergling x12  
  130  11:18  Zergling x8  
  130  11:19  Zergling x4  
  122  11:31  Zerg Missile Weapons Level 2  
  108  11:40  Hydralisk  
  108  11:41  Hydralisk x16  
  136  11:50  Queen  
  136  11:52  Queen  
  136  11:53  Drone x2  
  136  11:54  Drone x6  
  138  11:57  Hydralisk x2  
  144  12:08  Drone  
  144  12:09  Drone x5  
  144  12:14  Zerg Ground Armor Level 2  
  150  12:19  Hive  
  150  12:20  Zerg Flyer Weapons Level 2  
  150  12:25  Hydralisk  
  150  12:26  Hydralisk x4  
  160  12:34  Lurker Den  
  159  12:43  Hatchery  
  158  12:48  Drone x6  
  158  12:49  Drone, Hatchery  
  164  12:53  Extractor  
  164  12:54  Extractor  
  164  12:56  Zergling x2  
  164  12:57  Zergling x14  
  164  12:58  Zergling x2  
  171  12:59  Zergling x2  
  172  13:37  Hatchery  
  172  13:38  Baneling x9  
  172  13:39  Baneling x11  
  171  13:41  Hydralisk x8  
  171  13:42  Hydralisk x5  
  197  14:00  Hydralisk  
  199  14:05  Baneling x5  
  199  14:06  Baneling x12  
  184  14:41  Hydralisk x8  
  198  14:51  Drone x2  
  198  14:58  Zerg Missile Weapons Level 3  
  198  14:59  Zerg Ground Armor Level 3  
  198  15:31  Extractor  
  198  15:33  Extractor  
  195  15:41  Adrenal Glands  
  176  15:51  Zergling x4  
  176  15:52  Zergling x56  
  176  15:53  Zergling x28  
  176  15:56  Adaptive Talons  
  182  15:58  Muscular Augments  
  162  16:07  Hydralisk x2  
  162  16:08  Zergling x28  
  178  16:14  Mutalisk  
  178  16:15  Mutalisk x3  
  185  16:24  Drone x3  
  124  16:48  Zergling x44  
  124  16:49  Zergling x4  
  124  16:54  Seismic Spines  
  129  17:08  Overseer x4  
  129  17:11  Overlord  
  129  17:12  Overlord x14  
  129  17:13  Overlord  
  129  17:15  Baneling x2  
  129  17:16  Baneling x18  
  129  17:21  Drone x3  
  129  17:22  Drone x2  
Tags
 
League
Gold
Matchup
PvZ
Spawn Locations
Cross Positions
Add a new tag
Caveats
  • Supply blocks, unpowered buildings, or Contaminate may cause inaccurate times.
  • Supply counts are checked every 10 seconds.